 Dungeon Crawl Stone Soup version 0.28.0-53-g5a82cb258f (webtiles) character file.

Game seed: 3073760525271684651

671 Ashen the Chiller (level 7, -4/71 HPs)
             Began as an Ogre Ice Elementalist on June 20, 2022.
             Slain by an ogre
             ... wielding a +0 giant club
              (21 damage)
             ... on level 4 of the Dungeon.
             The game lasted 00:09:11 (5435 turns).

Ashen the Chiller (Ogre Ice Elementalist)           Turns: 5435, Time: 00:09:13

Health: -4/71      AC:  9    Str: 19    XL:     7   Next: 58%
Magic:  4/13       EV: 10    Int: 18    God:
Gold:   137        SH:  0    Dex:  9    Spells: 8/15 levels left

rFire   . . .      SeeInvis .   k - +7 staff of the Meek {protect, meekguard}
rCold   . . .      Faith    .   (shield currently unavailable)
rNeg    . . .      Spirit   .   a - +0 robe
rPois   .          Reflect  .   (helmet restricted)
rElec   .          Harm     .   (no cloak)
rCorr   .          Rampage  .   (gloves unavailable)
Will    .....                   (boots unavailable)
Stlth   ++........              (no amulet)
HPRegen 0.21/turn               f - +6 ring of strength
MPRegen 0.13/turn               (no ring)

@: ice-armoured, freezing walls
A: large, unfitting armour, tough skin 1
a: no special abilities


You were on level 4 of the Dungeon.
You visited 1 branch of the dungeon, and saw 5 of its levels.

You collected 227 gold pieces.
You spent 90 gold pieces at shops.

Inventory:

Hand Weapons
 h - a +1 short sword of venom
 j - a +3 whip
 k - the +7 staff of the Meek (weapon) {protect, meekguard}
   (You found it on level 3 of the Dungeon)

   It grants its wielder temporary protection when it strikes (+7 to AC).
   It provides extra protection to wielders with little health.
 n - a +1 giant spiked club
Armour
 a - a +0 robe (worn)
Jewellery
 f - a +6 ring of strength (left hand)
Scrolls
 b - a scroll of vulnerability {unknown}
Potions
 c - a potion of flight {unknown}
 d - 3 potions of curing
 e - 3 potions of heal wounds {unknown}
 g - a potion of attraction {unknown}
 i - 2 potions of brilliance {unknown}
 m - a potion of mutation {unknown}


   Skills:
 + Level 4.3 Fighting
 + Level 3.5 Dodging
 + Level 3.2 Stealth
 + Level 4.5 Spellcasting
 + Level 4.9 Ice Magic


You had 8 spell levels left.
You knew the following spells:

 Your Spells              Type           Power      Damage    Failure   Level
a - Freeze                Ice            84%        1d10      1%          1
b - Frozen Ramparts       Ice            42%        1d6       5%          3
c - Ozocubu's Armour      Ice            21%        N/A       5%          3

Your spell library contained the following spells:

 Spells                   Type           Power      Damage    Failure   Level
 Apportation              Tloc           8%         N/A       14%         1
 Hailstorm                Conj/Ice       12%        3d5       45%         4
 Alistair's Intoxication  Tmut/Pois      2%         N/A       98%         5


Dungeon Overview and Level Annotations

Branches:
Dungeon (5/15)
 Temple: D:4-7

Altars:
Hepliaklqana
Zin
Beogh


Innate Abilities, Weirdness & Mutations

You are too large for most types of armour.
You have tough skin. (AC +1)


Message History

Confirm with . or Enter, or press ? or * to list all spells.
Okay, then.
Casting: Frozen Ramparts (dangerous; 5% risk of failure)
Confirm with . or Enter, or press ? or * to list all spells.
Okay, then.
Casting: Frozen Ramparts (dangerous; 5% risk of failure)
Confirm with . or Enter, or press ? or * to list all spells.
A film of ice covers your body! The ogre hits you with a +0 giant club!
Casting: Ozocubu's Armour (dangerous; 5% risk of failure)
Confirm with . or Enter, or press ? or * to list all spells.
Casting: Frozen Ramparts (dangerous; 5% risk of failure)
Press: ? - help, Dir - look around, f - activate The walls around you are covered in ice.
Casting: Frozen Ramparts (dangerous; 5% risk of failure)
Confirm with . or Enter, or press ? or * to list all spells.
Aiming: Freeze (safe; 1% risk of failure)
Press: ? - help, Shift-Dir - straight line, f - ogre
Aim: an ogre, wielding a +0 giant club You freeze the ogre!
The ogre is moderately wounded.
The wall freezes the ogre.
The ogre barely misses you.
Casting: Freeze (safe; 1% risk of failure)
Confirm with . or Enter, or press ? or * to list all spells.
Aiming: Freeze (safe; 1% risk of failure)
Press: ? - help, Shift-Dir - straight line, f/p - ogre
Aim: an ogre, wielding a +0 giant club (heavily wounded)
You freeze the ogre.
The ogre is severely wounded.
The wall freezes the ogre.
The ogre hits you with a +0 giant club!
* * * LOW HITPOINT WARNING * * *
Casting: Freeze (safe; 1% risk of failure)
Confirm with . or Enter, or press ? or * to list all spells.
Aiming: Freeze (safe; 1% risk of failure)
Press: ? - help, Shift-Dir - straight line, f/p - ogre
Aim: an ogre, wielding a +0 giant club (almost dead)
You freeze the ogre.
The ogre is almost dead.
The wall freezes the ogre.
The ogre hits you with a +0 giant club!!
You die...

.####.#.###..####..##.#.#........
.................................
......#.###.............###......
.######.####.####..#.............
..........##.####..#....#.......#
.######.#.##............#.......#
.# #.#.##..###.......+........
.######.#.##..###......##.......#
...............O@.......+........
.........>#...####.....##........
#######...#...#........#######...
.##.# #...#...........[#######.#.
.##.# #..O#............(..<..)...
.##.####..#...####..#.####...#.#.
......................####...#.#.
###.####.#..........#....'...+...
#.##.................###...#.#.


You could see an ogre.

Vanquished Creatures
  An ogre (D:4)
  A centaur (D:4)
  A scorpion (D:4)
  A bullfrog zombie (D:3)
  2 orc priests
  2 hounds (D:4)
  A centaur skeleton (D:3)
  An iguana (D:4)
  An orc wizard (D:4)
  6 gnolls (D:4)
  6 adders
  2 dart slugs
  A worm (D:3)
  6 orcs
  6 bats
  13 endoplasms
  5 giant cockroaches
  6 goblins
  6 hobgoblins
  3 jackals (D:4)
  7 kobolds
  4 quokkas
  6 ball pythons
  9 frilled lizards
  6 rats
103 creatures vanquished.

Vanquished Creatures (others)
  11 plants (D:2)
11 creatures vanquished.

Grand Total: 114 creatures vanquished

Notes
Turn   | Place    | Note
-------+----------+-------------------------------------------
     0 | D:1      | Ashen the Ogre Ice Elementalist began the quest for the
                  | Orb.
     0 | D:1      | Reached XP level 1. HP: 16/16 MP: 3/3
   227 | D:1      | Reached XP level 2. HP: 26/26 MP: 1/5
   752 | D:1      | Reached skill level 1 in Fighting
  1135 | D:2      | Reached XP level 3. HP: 33/33 MP: 2/7
  1139 | D:2      | Learned a level 3 spell: Frozen Ramparts
  1143 | D:2      | Learned a level 3 spell: Ozocubu's Armour
  1233 | D:2      | Found a faded altar of an unknown god.
  1825 | D:2      | Reached XP level 4. HP: 41/42 MP: 6/8
  2472 | D:3      | HP: 2/42 [bullfrog zombie (2)]
  2835 | D:3      | Reached XP level 5. HP: 23/50 MP: 5/9
  3515 | D:3      | Found the +7 staff of the Meek {protect, meekguard}
  3640 | D:3      | Found a hazy altar of Hepliaklqana.
  3716 | D:4      | Noticed a centaur
  3728 | D:4      | Killed a centaur
  3729 | D:4      | Reached XP level 6. HP: 33/61 MP: 5/11
  4068 | D:4      | Reached XP level 7. HP: 58/68 MP: 5/13
  4863 | D:4      | Found Zin's Purification Station.
  4868 | D:4      | Found a glowing silver altar of Zin.
  4871 | D:4      | Bought a potion of curing for 90 gold pieces
  5370 | D:5      | Entered Level 5 of the Dungeon
  5435 | D:4      | Slain by an ogre

Illustrated notes

Levels and vault maps discovered:
D:1:      evilmike_arrival_plus, layout_basic
D:2:      layout_loops_ring, serial_forest, infiniplex_forest_end_3,
          infiniplex_forest_clump_diagonal, infiniplex_forest_lined_room_3,
          infiniplex_forest_straight_4, infiniplex_forest_3_way,
          infiniplex_forest_end_3, infiniplex_forest_straight_1,
          infiniplex_forest_clump_curved,
          hellmonk_ecumenical_altar_slurped_away,
          chequers_serial_rivers_micro_e, grunt_ministairs_1
D:3:      layout_basic, worldfamousw_hep_ancestral_shrine,
          pf_guarded_unrand_meek
D:4:      layout_basic, zin_purify, minmay_tree_intersection, kennysheep_dice
D:5:      gammafunk_wand_slinger, layout_cave_pods, uniq_pikel, uniq_edmund,
          uniq_crazy_yiuf_cottage, uniq_prince_ribbit1

Skill      XL: |  1  2  3  4  5  6  7 |
---------------+----------------------+-----
Dodging        | 2 3 |  3.5
Fighting       | 1 2 3 4 |  4.3
Spellcasting   | 3 4 |  4.5
Stealth        | 2 3 |  3.2
Ice Magic      | 4 |  4.9

Action                   |  1- 3 |  4- 6 |  7- 9 || total
-------------------------+-------+-------+-------++-------
Melee: Unarmed           |    20 |    69 |       ||    89
       Punch             |     1 |     3 |       ||     4
       Quarterstaff      |       |    21 |    33 ||    54
       Flail             |       |     5 |       ||     5
 Cast: Freeze            |    45 |    33 |    13 ||    91
       Frozen Ramparts   |     1 |     4 |     3 ||     8
       Ozocubu's Armour  |       |     3 |     1 ||     4
  Use: Scroll            |       |       |     3 ||     3
 Stab: Sleeping          |       |     3 |     2 ||     5
       Distracted        |       |     1 |       ||     1
Armor: Robe              |    21 |    52 |    11 ||    84
Dodge: Dodged            |    26 |    84 |    35 ||   145
